Map: [TLMC15] Glittering Ashes

Players

TIME (Oliveira) - Winner!

  • Race: Terran Terran

DRG

  • Race: Zerg Zerg

Event: DreamHack SC2 Masters Last Chance 2022

VOD

Have the link to the VOD?

Description

Time

  • Played on: Jan. 15, 2022, 11:16 a.m.
  • Length: 8:12

All games in this series

Show
View Real Time Build Order
Export as new Build Order

TIME Terran - Winner!

Build Orders: Reaper Expand 

Get SALT Encoding   

  12  0:00  SCV  
  13  0:12  SCV  
  14  0:17  Supply Depot  
  14  0:24  SCV  
  15  0:38  SCV  
  15  0:40  Barracks  
  16  0:43  Refinery  
  16  0:50  SCV  
  17  1:02  SCV  
  18  1:15  SCV  
  19  1:28  Reaper, Orbital Command  
  20  1:42  Command Center  
  20  1:53  Supply Depot  
  21  1:54  SCV  
  21  2:00  Marine  
  22  2:06  SCV  
  23  2:17  Factory  
  23  2:18  SCV  
  23  2:21  Barracks Reactor  
  24  2:30  SCV  
  25  2:40  Command Center  
  25  2:42  SCV  
  26  2:53  Orbital Command  
  26  2:56  SCV  
  27  3:07  Hellion x2, Barracks Tech Lab  
  27  3:09  SCV  
  32  3:19  SCV  
  33  3:21  SCV  
  33  3:25  Marine  
  33  3:26  Stimpack  
  35  3:28  Hellion x2  
  35  3:32  SCV  
  35  3:33  SCV  
  41  3:43  Marine  
  41  3:44  SCV  
  41  3:45  SCV  
  44  3:53  Orbital Command  
  44  3:54  Barracks  
  44  3:56  SCV  
  44  3:57  SCV  
  44  3:58  Factory Reactor, Barracks  
  44  4:01  Marine  
  47  4:06  Refinery  
  47  4:08  SCV  
  47  4:09  SCV  
  49  4:11  Supply Depot  
  49  4:19  SCV  
  49  4:20  SCV  
  49  4:21  SCV  
  49  4:22  Engineering Bay  
  49  4:23  Engineering Bay  
  52  4:26  Refinery x2, Marine  
  53  4:31  SCV  
  53  4:32  SCV  
  53  4:33  SCV  
  56  4:41  Starport  
  56  4:42  Marine x2  
  56  4:43  Supply Depot  
  56  4:44  SCV  
  56  4:45  SCV, Factory Reactor  
  60  4:46  SCV  
  60  4:50  Terran Infantry Weapons Level 1  
  62  4:53  Marine  
  62  4:54  Marine  
  62  4:57  Terran Infantry Armor Level 1  
  62  4:59  Supply Depot  
  64  5:00  SCV, Marine  
  64  5:01  SCV  
  64  5:05  Marine x2  
  68  5:08  Orbital Command  
  68  5:11  Supply Depot, Marine  
  68  5:13  Marine  
  70  5:15  SCV x2  
  70  5:18  Marine  
  73  5:23  Marine  
  73  5:24  Medivac  
  73  5:25  Medivac, Marine  
  73  5:26  Supply Depot  
  73  5:27  SCV, Factory Reactor  
  73  5:28  SCV  
  81  5:33  SCV  
  81  5:35  Marine  
  83  5:36  Marine  
  83  5:39  Supply Depot, Combat Shield, Marine  
  83  5:42  SCV x2  
  87  5:44  Marine  
  87  5:45  SCV  
  87  5:47  Marine  
  90  5:51  Supply Depot  
  90  5:54  Medivac, SCV  
  90  5:55  Medivac, SCV  
  96  5:57  Marine x2  
  96  6:03  Supply Depot, SCV  
  99  6:04  Widow Mine x2, Marine  
  99  6:05  Marine  
  99  6:10  Barracks  
  99  6:11  Barracks  
  105  6:12  Armory  
  105  6:14  SCV x2  
  105  6:16  SCV  
  105  6:18  Refinery, Marine  
  109  6:26  Marine x2  
  109  6:27  Medivac  
  109  6:28  Medivac  
  109  6:29  Widow Mine x2  
  109  6:32  Marine x2  
  120  6:33  SCV  
  120  6:37  SCV x2  
  120  6:38  Supply Depot  
  124  6:40  Supply Depot  
  124  6:44  Factory  
  124  6:52  Marine  
  124  6:53  Marine x2  
  119  6:55  Widow Mine x2  
  119  6:56  SCV, Marine  
  119  6:58  Barracks Reactor  
  119  7:00  Medivac x2, SCV  
  130  7:03  Supply Depot, Marine  
  130  7:10  SCV  
  130  7:11  Marine x2  
  130  7:13  SCV, Marine  
  130  7:14  Marine  
  130  7:15  SCV  
  127  7:22  Marine  
  125  7:24  Barracks Reactor  
  122  7:32  Marine x2  
  122  7:33  Command Center  
  122  7:35  Factory Tech Lab  
  122  7:37  Widow Mine x2  
  122  7:38  Marine  
  122  7:42  Supply Depot  
  126  7:45  Marine  
  126  7:48  Marine x2  
  133  8:07  Barracks x2  
  134  8:09  Barracks  
Show
View Real Time Build Order
Export as new Build Order

DRG Zerg 

Build Orders: Hatch First 

Get SALT Encoding   

  12  0:00  Drone  
  13  0:12  Overlord  
  13  0:16  Drone  
  14  0:30  Drone x2  
  16  0:47  Hatchery  
  15  0:50  Drone  
  15  0:54  Drone  
  18  0:57  Drone  
  18  1:08  Extractor  
  17  1:12  Spawning Pool  
  17  1:15  Drone  
  17  1:19  Drone  
  18  1:28  Drone  
  19  1:38  Drone  
  20  1:49  Drone  
  21  1:59  Zergling x2, Queen x2  
  26  2:02  Zergling x2  
  27  2:11  Overlord  
  27  2:12  Drone  
  28  2:19  Hatchery  
  27  2:23  Drone  
  27  2:29  Drone  
  29  2:32  Drone  
  29  2:33  Drone  
  30  2:37  Queen  
  32  2:46  Metabolic Boost  
  32  2:49  Overlord  
  32  2:50  Drone  
  33  2:52  Drone  
  33  2:54  Drone  
  35  3:04  Overlord  
  35  3:08  Drone x2  
  35  3:09  Drone x2  
  39  3:13  Queen  
  39  3:16  Drone  
  39  3:19  Drone  
  43  3:26  Zergling x2  
  44  3:30  Overlord  
  44  3:33  Queen  
  46  3:35  Drone  
  46  3:37  Drone  
  46  3:39  Drone x3  
  51  3:41  Overlord  
  51  3:43  Drone  
  51  3:45  Drone  
  51  3:47  Zergling x2  
  54  3:50  Overlord  
  54  3:54  Queen  
  55  3:56  Drone  
  55  4:01  Drone x3  
  59  4:03  Zergling x2  
  59  4:07  Drone  
  59  4:09  Drone  
  62  4:10  Queen  
  62  4:16  Drone  
  62  4:17  Drone  
  66  4:20  Drone  
  67  4:25  Zergling x4  
  67  4:26  Drone x3  
  72  4:32  Evolution Chamber  
  72  4:33  Evolution Chamber  
  72  4:38  Drone  
  71  4:39  Overlord  
  71  4:42  Drone x2  
  73  4:46  Overlord, Extractor  
  73  4:49  Overlord  
  73  4:50  Overlord  
  73  4:51  Drone  
  73  4:56  Queen, Overlord  
  73  4:59  Zerg Ground Armor Level 1, Zerg Melee Weapons Level 1  
  76  5:00  Drone x4  
  76  5:02  Drone  
  76  5:04  Drone  
  81  5:09  Hatchery  
  81  5:10  Drone x3  
  81  5:12  Drone  
  84  5:15  Drone x2  
  84  5:16  Extractor  
  84  5:17  Extractor  
  84  5:18  Lair  
  84  5:22  Zergling x6  
  84  5:24  Drone x2  
  84  5:26  Drone  
  84  5:27  Drone x2  
  92  5:31  Baneling Nest  
  92  5:34  Drone  
  92  5:37  Overlord  
  92  5:40  Overlord  
  91  5:43  Zergling x4  
  93  5:52  Overlord  
  93  5:54  Zergling x2  
  93  5:55  Zergling x2  
  95  5:59  Overlord  
  95  6:00  Zergling x8  
  95  6:03  Zergling x2  
  100  6:05  Zergling x4  
  100  6:06  Zergling x2  
  100  6:08  Overlord  
  103  6:11  Hatchery  
  103  6:13  Zergling x6  
  103  6:14  Zergling x4  
  103  6:15  Baneling  
  103  6:16  Baneling x5, Centrifugal Hooks  
  107  6:24  Drone x4  
  111  6:32  Drone x3  
  114  6:34  Drone  
  114  6:37  Queen  
  114  6:39  Drone x3, Overlord  
  120  6:40  Pneumatized Carapace, Overseer  
  120  6:43  Overseer  
  120  6:44  Drone x6, Spore Crawler  
  120  6:45  Spore Crawler  
  120  6:48  Zergling x6  
  120  6:53  Zergling x2  
  118  6:58  Zergling x12  
  124  7:06  Zergling x2  
  117  7:09  Zergling x6  
  117  7:12  Zergling x6, Queen  
  117  7:13  Queen x2  
  112  7:16  Zergling x6  
  112  7:20  Zergling x4  
  112  7:21  Zergling x2  
  106  7:25  Baneling x5  
  106  7:29  Zergling x2  
  107  7:30  Zergling x6  
  107  7:36  Zergling x8  
  107  7:40  Zergling x6  
  102  7:45  Zergling x6  
  102  7:48  Spore Crawler  
  102  7:50  Zergling x2  
  105  7:53  Zergling x2  

Tags
 
Add a new tag
Caveats
  • Supply blocks, unpowered buildings, or Contaminate may cause inaccurate times.
  • Supply counts are checked every 10 seconds.